 Dungeon Crawl Stone Soup version 0.30-a0-178-g4db885d750 (webtiles) character file.

Game seed: 302344721827671155

2 Ayihk420 the Ruffian (level 1, -1/19 HPs)
             Began as a Ghoul Monk on Oct 3, 2022.
             Killed from afar by a dart slug (2 damage)
             ... with a slug dart
             ... on level 1 of the Dungeon on Oct 7, 2022.
             The game lasted 00:00:41 (265 turns).

Ayihk420 the Ruffian (Ghoul Monk)                    Turns: 265, Time: 00:00:42

Health: -1/19      AC:  2    Str: 14    XL:     1   Next: 40%
Magic:  0/0        EV: 12    Int:  5    God:
Gold:   0          SH:  0    Dex: 11    Spells: 0/0 levels left

rFire   . . .      SeeInvis .      - Unarmed
rCold   + . .      Faith    .    (no shield)
rNeg    + + +      Spirit   .    a - +0 robe
rPois   ∞          Reflect  .    (no helmet)
rElec   .          Harm     .    (no cloak)
rCorr   .          Rampage  .    (no gloves)
Will    .....                    (no boots)
Stlth   ++........               (no amulet)
HPRegen 0.00/turn                (no ring)
MPRegen 0.07/turn                (no ring)

@: inhibited regen
A: claws 1, cold resistance 1, negative energy resistance 3, inhibited
regeneration, torment resistance 2, devour on kill
a: no special abilities


You were on level 1 of the Dungeon.
You visited 1 branch of the dungeon, and saw 1 of its levels.

Inventory:

Armour
 a - a +0 robe (worn)
Potions
 b - a potion of ambrosia


   Skills:
 + Level 3.3 Fighting
 + Level 2.7 Dodging
 + Level 2.2 Stealth
 + Level 3.3 Unarmed Combat


You couldn't memorise any spells.
You didn't know any spells.
Your spell library was empty.

Dungeon Overview and Level Annotations

Branches:
Dungeon (1/15)

Altars:


Innate Abilities, Weirdness & Mutations

You are immune to poison.
You have sharp fingernails.
Your flesh is cold resistant. (rC+)
You are immune to negative energy. (rN+++)
You do not regenerate when monsters are visible.
You are immune to unholy pain and torment.
You thrive by killing the living.


Message History

Done waiting.
Welcome back, Ayihk420 the Ghoul Monk.
Press ? for a list of commands and other information.
A dart slug comes into view.
A dart slug comes into view.
The dart slug launches a dart at you. The slug dart misses you.
There are monsters nearby!
There are monsters nearby!
There are monsters nearby!
There are no items here.
There are no items here.
There are no items here.
Unknown command.
The dart slug launches a dart at you. The slug dart hits you.
The dart slug misses you. The dart slug launches a dart at you.
The slug dart misses you. The dart slug launches a dart at you.
The slug dart hits you. The dart slug launches a dart at you.
The slug dart hits you. The dart slug misses you. The dart slug bites you.
The dart slug barely misses you. The dart slug launches a dart at you.
The slug dart misses you. The dart slug bites you.
The dart slug closely misses you. The dart slug misses you.
The dart slug bites you.
* * * LOW HITPOINT WARNING * * *
The dart slug barely misses you.
The dart slug bites you but does no damage.
The dart slug bites you.
* * * LOW HITPOINT WARNING * * *
The dart slug bites you.
* * * LOW HITPOINT WARNING * * *
The dart slug bites you.
* * * LOW HITPOINT WARNING * * *
The dart slug launches a dart at you. The slug dart hits you.
You die...

... . .. . #.# .#.#
###.######.#.# .
.... ........ .##
####.###....# ..#
............# ..##
#.#..w..# ...#
#######.#.w@..#
...###.............#
#...##.......#######
.............#
.....#.......#
....###+####.# ##..#
.... ...## ......
...# ......#


You could see 2 dart slugs.

Vanquished Creatures
  An endoplasm (D:1)
  A hobgoblin (D:1)
2 creatures vanquished.

Notes
Turn   | Place    | Note
-------+----------+-------------------------------------------
     0 | D:1      | Ayihk420 the Ghoul Monk began the quest for the Orb.
     0 | D:1      | Reached XP level 1. HP: 19/19 MP: 0/0
   265 | D:1      | Killed from afar by a dart slug

Illustrated notes

Levels and vault maps discovered:
D:1:      minmay_arrival_radiant_lines, layout_basic,
          shapermc_ecumenical_altar_notcrosses, minmay_small_reverse_x

Action                   || total
-------------------------++-------
Melee: Unarmed           ||    11
       Punch             ||     2
Armor: Robe              ||     2
Dodge: Dodged            ||    13

Table legend: (Time is in decaauts)
 A = Elapsed time spent in this place.
 B = Non-inter-level travel time spent in this place.
 C = Inter-level travel time spent in this place.
 D = Time resting spent in this place.
 E = Time spent auto-exploring this place.
 F = Levels seen in this place.
 G = Mean time per level.
                   A        B        C        D        E       F      G
               +--------+--------+--------+--------+--------+-----+--------+
         Total |    264 |    264 |      0 |    204 |      0 |   1 |  264.0 |
       Dungeon |    264 |    264 |      0 |    204 |      0 |   1 |  264.0 |
               +--------+--------+--------+--------+--------+-----+--------+

Top non-repeatable levels by time:
     D:1: 264 daAuts
